 Dungeon Crawl Stone Soup version 0.28.0-62-gf88900778d (webtiles) character file.

Game seed: 15167746905220499814

41 cbfl8 the Poker (level 3, -3/45 HPs)
             Began as a Merfolk Berserker on June 21, 2023.
             Was a Follower of Trog.
             Slain by a gnoll
             ... wielding a +0 club
              (7 damage)
             ... on level 1 of the Dungeon.
             The game lasted 00:01:44 (2087 turns).

cbfl8 the Poker (Merfolk Berserker)                 Turns: 2087, Time: 00:01:44

Health: -3/45      AC:  2    Str: 19    XL:     3   Next: 52%
Magic:  3/3        EV: 12    Int:  6    God:    Trog [*.....]
Gold:   87         SH:  0    Dex: 13    Spells: 2/2 levels left

rFire   . . .      SeeInvis .   a - +0 spear
rCold   . . .      Faith    .   (no shield)
rNeg    . . .      Spirit   .   b - +0 animal skin
rPois   .          Reflect  .   (no helmet)
rElec   .          Harm     .   (no cloak)
rCorr   .          Rampage  .   (no gloves)
Will    .....                   (no boots)
Stlth   ..........              (no amulet)
HPRegen 0.15/turn               (no ring)
MPRegen 0.08/turn               (no ring)

@: berserking, very quick
A: (nimble swimmer 2), mertail
a: Renounce Religion, Berserk


You were on level 1 of the Dungeon.
You worshipped Trog.
Trog was aware of your devotion.
You visited 1 branch of the dungeon, and saw 2 of its levels.

You collected 87 gold pieces.

Inventory:

Hand Weapons
 a - a +0 spear (weapon)
Armour
 b - a +0 animal skin (worn)
Scrolls
 d - a scroll of identify {unknown}
 e - a scroll of fog {unknown}
 f - a scroll of enchant weapon {unknown}
 g - a scroll of noise {unknown}
 h - a scroll of acquirement {unknown}
Potions
 c - a potion of mutation {unknown}


   Skills:
 + Level 3.9 Fighting
 + Level 5.1 Polearms
 + Level 1.5 Armour
 + Level 3.0 Dodging
 + Level 0.1 Stealth
 * Level 1.0 Evocations


You had 2 spell levels left.
You didn't know any spells.
Your spell library was empty.

Dungeon Overview and Level Annotations

Branches:
Dungeon (2/15)

Altars:
Kikubaaqudgha


Innate Abilities, Weirdness & Mutations

((You are very nimble when in or above water. (Stealth+, EV+, Speed+++)))
Your lower body shifts to a powerful aquatic tail in water.


Message History

A gnoll comes into view. It is wielding a +0 flail.
The gnoll hits you from afar with a +0 spear.
The gnoll hits you from afar with a +0 spear.
* * * LOW HITPOINT WARNING * * *
There is a stone staircase leading up here.
The gnoll closely misses you.
You climb upwards.
There is a stone staircase leading down here.
You start resting.
HP restored.
You start waiting.
Done waiting.
You climb downwards.
The gnoll misses you. The gnoll hits you with a +0 club.
There is a stone staircase leading up here.
The gnoll hits you with a +0 flail. The gnoll hits you with a +0 club.
You climb upwards.
There is a stone staircase leading down here.
You barely miss the gnoll. The gnoll completely misses you.
The gnoll barely misses you.
You hit the gnoll but do no damage. The gnoll hits you with a +0 flail.
The gnoll hits you with a +0 club.
You are too injured to fight recklessly!
A red film seems to cover your vision as you go berserk!
You feel yourself moving faster!
You feel mighty! The gnoll closely misses you.
The gnoll hits you with a +0 club.
You hit the gnoll.
The gnoll is moderately wounded.
You hit the gnoll.
The gnoll is heavily wounded.
The gnoll hits you with a +0 flail!
* * * LOW HITPOINT WARNING * * *
The gnoll hits you with a +0 club.
* * * LOW HITPOINT WARNING * * *
You closely miss the gnoll.
The gnoll is heavily wounded.
The gnoll barely misses you.
You barely miss the gnoll.
The gnoll is heavily wounded.
The gnoll hits you with a +0 club!
You die...

#.#.## ###.# #....÷.
#....## ##...# ###.÷#.
#.....####....# #..#.
#.............# #..#.
#.....####...#########..#.
##...## #..÷............#.
##.## #.#.##############
#.#####g#.# ## #.....g@#)#
####. #########.# ##....
#.# #..... #.# ##....# #.#
##....## #.# #....###
#.### #....##. #...##
#....##. ##...## #....###


You could see 2 gnolls.

Vanquished Creatures
  A dart slug (D:2)
  A worm (D:2)
  A ball python (D:2)
  3 endoplasms
  2 giant cockroaches (D:1)
  3 goblins
  2 hobgoblins
  2 jackals (D:1)
  5 kobolds
  3 quokkas (D:1)
  2 bats
  8 frilled lizards
  2 rats (D:1)
35 creatures vanquished.

Notes
Turn   | Place    | Note
-------+----------+-------------------------------------------
     0 | D:1      | cbfl8 the Merfolk Berserker began the quest for the Orb.
     0 | D:1      | Reached XP level 1. HP: 18/18 MP: 1/1
   379 | D:1      | Reached XP level 2. HP: 12/24 MP: 2/2
  1029 | D:1      | Reached skill level 5 in Polearms
  1029 | D:1      | Reached XP level 3. HP: 18/30 MP: 3/3
  1386 | D:1      | Found a faded altar of an unknown god.
  1633 | D:2      | Found an ancient bone altar of Kikubaaqudgha.
  1755 | D:2      | Reached skill level 1 in Evocations
  2087 | D:1      | Slain by a gnoll

Illustrated notes

Levels and vault maps discovered:
D:1:      dpeg_arrival_snail, layout_loops_ring,
          dilly_ecumenical_altar_fadedgnrine
D:2:      layout_loops_ring, basic_altar, kennysheep_generic_room_12

Skill      XL: |  1  2  3 |
---------------+----------+-----
Polearms       | 5 |  5.1
Dodging        | 3 |  3.0
Evocations     | 1 |  1.0
Fighting       | |  3.9
Armour         | |  1.5
Stealth        | |  0.1

Action                   || total
-------------------------++-------
Melee: Spear             ||   116
       Punch             ||     1
Invok: Berserk           ||     2
 Stab: Sleeping          ||     1
Armor: Animal skin       ||    14
Dodge: Dodged            ||    47
